 Dungeon Crawl Stone Soup version 0.31-a0-204-g7da18cac08 (webtiles) character file.

Game seed: 7380651108620879651

396 qw the Skirmisher (level 6, -1/35 HPs)
             Began as a Deep Elf Hunter on June 27, 2023.
             Killed from afar by an orc wizard (4 damage)
             ... with a magic dart
             ... on level 4 of the Dungeon.
             The game lasted 00:01:05 (2746 turns).

qw the Skirmisher (Deep Elf Hunter)                 Turns: 2746, Time: 00:01:06

Health: -1/35      AC:  6    Str: 10    XL:     6   Next: 52%
Magic:  8/8        EV: 11    Int: 14    God:
Gold:   173        SH:  0    Dex: 18    Spells: 5/5 levels left

rFire   . . .        Y - +0 shortbow
rCold   . . .        (shield currently unavailable)
rNeg    . . .        l - +0 ring mail
rPois   .            (no helmet)
rElec   .            (no cloak)
rCorr   .            (no gloves)
SInv    .            g - +0 pair of boots
Will    .....        (no amulet)
Stlth   +            (no ring)
HPRegen 0.25/turn    (no ring)
MPRegen 0.11/turn

%: no passive effects
@: lethally poisoned (-1 -> -8)
A: no striking features
a: no special abilities


You were on level 4 of the Dungeon.
You visited 1 branch of the dungeon, and saw 4 of its levels.

You collected 173 gold pieces.


   Skills:
 - Level 2.0 Fighting
 - Level 10.0 Ranged Weapons
 + Level 0.0 Armour
 - Level 3.1 Dodging
 - Level 1.2 Stealth


You had 5 spell levels left.
You didn't know any spells.
Your spell library was empty.

Inventory:

Hand Weapons
 Y - a +0 shortbow (weapon)
Armour
 g - a +0 pair of boots (worn)
 l - a +0 ring mail (worn)
Wands
 a - a wand of digging (4)
Scrolls
 m - 2 scrolls of teleportation
Potions
 c - a potion of attraction {unknown}
 d - a potion of curing
 e - a potion of heal wounds {unknown}
 h - a potion of enlightenment {unknown}
 i - 2 potions of mutation {unknown}
 j - a potion of magic {unknown}
 k - a potion of might {unknown}

Dungeon Overview and Level Annotations

Branches:
Dungeon (4/15)
 Temple: D:4-7

Altars:
Ashenzari
Sif Muna

Annotations:
D:2 1 runed translucent door, Crazy Yiuf


Message History

The orc wizard is severely wounded.
The orc wizard hits you with a +0 dagger.
You shoot an arrow. The arrow hits the orc wizard!
You kill the orc wizard!
An orc comes into view. It is wielding a +0 mace.
Your Dodging skill increases to level 3!
You shoot an arrow. The arrow hits the orc.
The orc is moderately wounded.
You shoot an arrow. The arrow barely misses the orc.
The orc hits you with a +0 mace.
An orc opens the door.
You shoot an arrow. The orc shouts!
The arrow hits the orc wizard but does no damage.
The orc hits you with a +0 mace.
The orc wizard hits you but does no damage.
You are poisoned.
You shoot an arrow. The arrow barely misses the orc wizard.
The arrow hits the orc!
You kill the orc!
You feel very sick. The orc hits you with a +0 mace.
You shoot an arrow. The arrow hits the orc wizard.
The orc wizard is lightly wounded.
You feel sick. The orc hits you but does no damage.
The orc wizard hits you but does no damage.
You are more poisoned.
You shoot an arrow. The arrow barely misses the orc.
You feel very sick. The orc closely misses you. The orc wizard misses you.
You shoot an arrow. The arrow barely misses the orc.
You feel very sick. The orc barely misses you. The orc closely misses you.
The orc wizard completely misses you. The orc hits you with a +0 flail.
You shoot an arrow. The arrow hits the orc!
You kill the orc!
You feel sick. The orc hits you with a +0 mace.
The orc hits you with a +0 flail!
The orc wizard points at you and mumbles some strange words.
The magic dart hits you.
You die...

......o.. ......##..#
#.....[.# #.#........
#.......# ........###
+..._...+ ..#..>....#
#.......# .#.#....##
#.......###.........#
....)....#.........##
#oo##.}#..##......#
#)@o.###..#.....#..
#...#..............
#...#...........#..
.#####...........#..
..................>.
.#.#..........#...##
............####...#
...........####....#
............##......


You could see an orc wizard and 2 orcs.

Vanquished Creatures
  Sigmund (D:3)
  A howler monkey (D:2)
  2 orc wizards
  A gnoll (D:2)
  4 adders
  An ufetubus (D:4)
  A worm (D:2)
  2 dart slugs
  7 orcs
  6 ball pythons
  10 bats
  7 endoplasms
  2 giant cockroaches (D:2)
  9 goblins
  8 hobgoblins
  9 jackals
  3 kobolds
  2 quokkas
  4 frilled lizards
  2 rats
82 creatures vanquished.

Notes
Turn   | Place    | Note
-------+----------+-------------------------------------------
     0 | D:1      | qw the Deep Elf Hunter began the quest for the Orb.
     0 | D:1      | Reached XP level 1. HP: 12/12 MP: 3/3
     0 | D:1      | 0 ||| qw: Version: 0.3-a-22-g0ed2b0b
     0 | D:1      | 0 ||| qw: Game counter: 6430
     0 | D:1      | 0 ||| qw: Melee chars always use a shield: true
     0 | D:1      | 0 ||| qw: God list: Okawaru
     0 | D:1      | 0 ||| qw: Allow faded altars: false
     0 | D:1      | 0 ||| qw: Do Orc after clearing Dungeon:15 true
     0 | D:1      | 0 ||| qw: Do second Lair branch before Depths: true
     0 | D:1      | 0 ||| qw: Lair rune preference: random
     0 | D:1      | 0 ||| qw: Goals: Normal
     0 | D:1      | 0 ||| PLANNING D:1-11
    77 | D:1      | Reached XP level 2. HP: 16/16 MP: 4/4
   105 | D:1      | Reached skill level 6 in Ranged Weapons
   413 | D:1      | Reached XP level 3. HP: 20/20 MP: 5/5
   447 | D:1      | 447 ||| UPGRADING to +0 pair of boots.
   452 | D:1      | 452 ||| UPGRADING to +0 ring mail.
   462 | D:1      | 462 ||| DROPPING +0 leather armour.
   463 | D:1      | 463 ||| READING 2 scrolls labelled UWKE ZAREIGILAE.
   467 | D:1      | 467 ||| READING scroll labelled YLOENO MI NAO.
   468 | D:1      | 468 ||| READING scroll labelled MITODA DUBAEKI.
   469 | D:1      | 469 ||| DRINKING 3 sapphire potions.
   470 | D:1      | 470 ||| DROPPING scroll of butterflies.
   563 | D:2      | Found a shimmering blue altar of Sif Muna.
   668 | D:2      | Reached skill level 7 in Ranged Weapons
   693 | D:2      | HP: 4/18 [gnoll/+0 whip (8)]
   694 | D:2      | 694 ||| READING scroll of teleportation.
   866 | D:2      | Reached skill level 8 in Ranged Weapons
   866 | D:2      | Reached XP level 4. HP: 12/25 MP: 6/6
  1452 | D:2      | Found a runed translucent door.
  1453 | D:2      | Noticed Crazy Yiuf
  1681 | D:2      | 1681 ||| READING scroll labelled BEKKUG QODUF.
  1682 | D:2      | 1682 ||| READING scroll labelled ANAMUNO XIPI.
  1683 | D:2      | 1683 ||| READING scroll labelled VADEASORGHY.
  1684 | D:2      | 1684 ||| READING scroll labelled ETHRAXKOERO.
  1685 | D:2      | 1685 ||| DRINKING 2 grey potions.
  1686 | D:2      | 1686 ||| DROPPING potion of brilliance.
  1688 | D:2      | 1688 ||| Stepping ~*~*~tactically~*~*~ (cloud).
  1689 | D:2      | 1689 ||| DRINKING 2 potions of curing.
  1689 | D:2      | 1689 ||| (to cure poison)
  1756 | D:3      | Noticed Sigmund
  1757 | D:3      | 1757 ||| PLANNING SEWER
  1758 | D:3      | 1758 ||| STAIRDANCE
  1834 | D:3      | Killed Sigmund
  1835 | D:3      | Reached skill level 9 in Ranged Weapons
  1835 | D:3      | Reached XP level 5. HP: 29/29 MP: 7/7
  1835 | D:3      | Reached XP level 6. HP: 34/34 MP: 8/8
  2164 | D:3      | 2164 ||| FLEEEEING.
  2166 | D:3      | 2166 ||| FLEEEEING.
  2167 | D:3      | 2167 ||| FLEEEEING.
  2169 | D:3      | 2169 ||| FLEEEEING.
  2171 | D:3      | 2171 ||| DRINKING 2 potions of curing.
  2171 | D:3      | 2171 ||| (to cure confusion)
  2172 | D:3      | 2172 ||| FLEEEEING.
  2184 | D:3      | 2184 ||| FLEEEEING.
  2185 | D:3      | 2185 ||| FLEEEEING.
  2189 | D:3      | 2189 ||| FLEEEEING.
  2192 | D:3      | 2192 ||| STAIRDANCE
  2348 | D:2      | 2348 ||| READING scroll labelled PAVVOF DIUNU.
  2430 | D:3      | 2430 ||| RIP SEWER
  2435 | D:3      | 2435 ||| PLANNING D:1-11
  2573 | D:3      | 2573 ||| DROPPING scarf of harm.
  2655 | D:4      | Reached skill level 10 in Ranged Weapons
  2730 | D:4      | Found a broken altar of Ashenzari.
  2731 | D:4      | 2731 ||| Stepping ~*~*~tactically~*~*~ (outnumbered).
  2739 | D:4      | Reached skill level 3 in Dodging
  2746 | D:4      | HP: 3/35 [orc/+0 flail (7)]
  2746 | D:4      | Killed from afar by an orc wizard

Levels and vault maps discovered:
D:1:      tarquinn_simple_flora_water_f, layout_basic
D:2:      layout_basic, basic_altar, minmay_guardbox, uniq_crazy_yiuf_cottage
D:3:      layout_rooms, gup_sewer_entry_bowl, uniq_sigmund
D:4:      layout_cave_pools, evilmike_ruin_ashenzari

Skill      XL: |  1  2  3  4  5  6 |
---------------+-------------------+-----
Ranged Weapons | 6 8 9 10 | 10.0
Fighting       | 2 |  2.0
Dodging        | 3 |  3.1
Stealth        | |  1.2

Action                     |  1- 3 |  4- 6 || total
---------------------------+-------+-------++-------
   Fire: Shortbow          |    97 |   133 ||   230
    Use: Scroll            |     4 |     5 ||     9
         Potion            |     1 |     3 ||     4
 Armour: Leather armour    |     5 |       ||     5
         Ring mail         |    12 |    21 ||    33
  Dodge: Dodged            |    28 |    30 ||    58

Table legend:
 A = Non-vault XP
 B = Vault XP
 C = Vault XP percentage of total XP
 D = Non-vault monster count
 E = Vault monster count
 F = Vault count percentage of total count
                 A         B        C        D         E       F
            +---------+---------+-------+---------+---------+-------
      Total |     254 |     316 |  55.4 |      69 |      13 |  15.9
            +---------+---------+-------+---------+---------+-------
        D:1 |      41 |       0 |   0.0 |      22 |       0 |   0.0
        D:2 |      57 |      85 |  59.9 |      17 |      12 |  41.4
        D:3 |      83 |     231 |  73.6 |      19 |       1 |   5.0
        D:4 |      73 |       0 |   0.0 |      11 |       0 |   0.0
            +---------+---------+-------+---------+---------+-------
